 Dungeon Crawl Stone Soup version 0.19-a0-1068-g99dd0f4 (webtiles) character file.

2183 Gagarin the Ducker (level 9, 0/92 HPs)
             Began as an Ogre Hunter on Aug 4, 2016.
             Was a Follower of the Shining One.
             Slain by Joseph
             ... wielding a +0 quarterstaff of crushing
              (15 damage)
             ... on level 7 of the Dungeon.
             The game lasted 00:27:40 (7570 turns).

Gagarin the Ducker (Ogre Hunter)                    Turns: 7570, Time: 00:27:41

Health: 0/92       AC:  4    Str: 20    XL:     9   Next: 33%
Magic:  9/9        EV: 13    Int: 10    God:    the Shining One [*.....]
Gold:   446        SH:  0    Dex: 12    Spells: 0 memorised, 8 levels left

rFire  + . .     SeeInvis .     q - +0 giant spiked club
rCold  + . .     Gourm    .     b - +0 robe
rNeg   . . .     Faith    .     (shield currently unavailable)
rPois  .         Spirit   .     (helmet restricted)
rElec  .         Dismiss  .     t - +0 cloak
rCorr  .         Reflect  .     (gloves unavailable)
SustAt .         Harm     .     (boots unavailable)
MR     .....                    (no amulet)
Stlth  +.........               n - ring of protection from fire
                                a - ring of protection from cold

@: glowing
A: unfitting armour, tough skin 1
a: Renounce Religion


You were on level 7 of the Dungeon.
You worshipped the Shining One.
The Shining One was aware of your devotion.
You were not hungry.

You visited 2 branches of the dungeon, and saw 8 of its levels.

You collected 446 gold pieces.

Inventory:

Hand Weapons
 i - a +0 club
 q - a +0 giant spiked club (weapon)
 B - a +3 mace
 G - a +0 flail
Missiles
 e - 9 tomahawks
 x - 4 javelins
 z - 10 steel tomahawks
 I - a large rock (quivered)
Armour
 b - a +0 robe (worn)
 t - a +0 cloak (worn)
Jewellery
 a - a ring of protection from cold (left hand)
 n - a ring of protection from fire (right hand)
 H - a cursed ring of teleportation {unknown}
 O - an uncursed ring of resist corrosion {unknown}
Wands
 h - a wand of digging (14/24)
 u - a wand of flame (29/48)
 J - a wand of random effects (19/48)
 L - a wand of polymorph (15/24)
 N - a wand of enslavement (15/24)
Scrolls
 j - 3 scrolls of identify
 k - 3 scrolls of teleportation {unknown}
 l - 2 scrolls of remove curse
 o - a scroll of enchant armour {unknown}
 s - a scroll of enchant weapon {unknown}
 v - a scroll of random uselessness {unknown}
 y - 4 scrolls of fear {unknown}
 A - a scroll of noise {unknown}
 D - a scroll of fog {unknown}
 E - a scroll of blinking {unknown}
 K - 3 scrolls of magic mapping {unknown}
Potions
 c - a potion of ambrosia {unknown}
 d - 2 potions of lignification {unknown}
 g - a potion of brilliance {unknown}
 m - 2 potions of mutation
 w - a potion of degeneration {unknown}
 M - a potion of haste
Comestibles
 f - 5 bread rations
 p - 3 fruits
 r - 4 chunks of flesh
 F - a meat ration


   Skills:
 + Level 6.8 Fighting
 + Level 6.2 Maces & Flails
 + Level 6.9 Throwing
 + Level 7.2 Dodging
 + Level 2.3 Stealth


You had 8 spell levels left.
You didn't know any spells.

Dungeon Overview and Level Annotations

Branches:
Dungeon (7/15)             Temple (1/1) D:5

Altars:
Ashenzari
Cheibriados
Dithmenos
Elyvilon
Fedhas
Gozag
Hepliaklqana
Kikubaaqudgha
Makhleb
Nemelex Xobeh
Okawaru
Pakellas
Qazlal
Ru
Sif Muna
Trog
Uskayaw
Vehumet
Xom
Yredelemnul
Zin
The Shining One

Annotations:
D:7 Joseph


Innate Abilities, Weirdness & Mutations

You are too large for most types of armour.
You have tough skin. (AC +1)


Message History

Joseph hits you with an uncursed quarterstaff of crushing.
Okay, then.
Okay, then.
You hit Joseph.
Joseph is heavily wounded.
Joseph hits you with an uncursed quarterstaff of crushing. x2
You hit Joseph but do no damage.
Joseph is heavily wounded.
Joseph hits you with an uncursed quarterstaff of crushing!
* * * LOW HITPOINT WARNING * * *
You barely miss Joseph.
Joseph is heavily wounded.
Joseph hits you with an uncursed quarterstaff of crushing!
* * * LOW HITPOINT WARNING * * *
x2 Joseph barely misses you.
Some of the chunks of flesh in your inventory have rotted away.
You barely miss Joseph.
Joseph is heavily wounded.
Joseph hits you with an uncursed quarterstaff of crushing!
You die...

#. #. #.# #.# ###.#
.... ###### .#.###@##
#..... .......@#
#.####.#### ##.###..#
#.......... #(.#
######.#### #(.# ## #.#
#.###..## +.####.####
#.......#####.....<....
#........<..###.#######
######..........#
############


You could see Joseph.

Vanquished Creatures
  A two-headed ogre (D:5)
  Eustachio (D:4)
  Duvessa (D:4)
  An ice beast (D:6)
  An orc warrior (D:6)
  A sky beast (D:7)
  4 ogres
  Blork the orc (D:5)
  3 giant frogs
  Dowan (D:4)
  A water moccasin zombie (D:5)
  A scorpion (D:4)
  A howler monkey (D:7)
  3 crimson imps
  A giant frog zombie (D:7)
  3 hounds
  An orc priest (D:5)
  A centaur skeleton (D:6)
  3 giant frog skeletons (D:4)
  An orc wizard (D:4)
  3 worker ants
  A killer bee zombie (D:5)
  A hound skeleton (D:4)
  A worker ant zombie (D:5)
  4 adders
  3 worms
  An adder skeleton (D:6)
  2 dart slugs
  6 giant geckos
  20 orcs
  6 giant cockroaches
  13 goblins
  10 hobgoblins
  7 jackals
  10 kobolds
  2 quokkas
  13 bats
  A giant cockroach zombie (D:6)
  2 giant newts
  A jackal zombie (D:5)
  A quokka zombie (D:6)
  4 rats
143 creatures vanquished.

Notes
Turn   | Place    | Note
-------+----------+-------------------------------------------
     0 | D:1      | Gagarin the Ogre Hunter began the quest for the Orb.
     0 | D:1      | Reached XP level 1. HP: 22/22 MP: 1/1
   162 | D:1      | Reached XP level 2. HP: 29/29 MP: 2/2
   629 | D:1      | Reached XP level 3. HP: 29/36 MP: 3/3
   966 | D:2      | Reached skill level 5 in Throwing
   966 | D:2      | Reached skill level 2 in Dodging
  1353 | D:2      | Reached XP level 4. HP: 42/45 MP: 4/4
  1586 | D:3      | Reached skill level 1 in Stealth
  1837 | D:3      | You fall through a shaft for 3 floors!
  2043 | D:6      | Noticed a giant frog
  2057 | D:6      | Killed a giant frog
  2057 | D:6      | Reached skill level 3 in Dodging
  2057 | D:6      | Reached XP level 5. HP: 24/54 MP: 5/5
  2080 | D:5      | Entered Level 5 of the Dungeon
  2440 | D:4      | Reached skill level 1 in Maces & Flails
  2440 | D:4      | Reached XP level 6. HP: 56/62 MP: 6/6
  2511 | D:4      | Reached skill level 4 in Dodging
  2805 | D:4      | Reached XP level 7. HP: 50/71 MP: 7/7
  4373 | D:4      | Found a hazy altar of Hepliaklqana.
  4383 | D:4      | Found a stormy altar of Qazlal.
  4383 | D:4      | Found a snail-covered altar of Cheibriados.
  4393 | D:4      | Found a shadowy altar of Dithmenos.
  4393 | D:4      | Found a bloodstained altar of Trog.
  4393 | D:4      | Found a shimmering altar of Xom.
  4393 | D:4      | Found an ancient bone altar of Kikubaaqudgha.
  4404 | D:4      | Reached skill level 5 in Dodging
  4422 | D:4      | Noticed Eustachio
  4431 | D:4      | Killed Eustachio
  4431 | D:4      | Reached skill level 5 in Fighting
  4567 | D:4      | Reached XP level 8. HP: 76/80 MP: 8/8
  4635 | D:5      | Noticed Duvessa
  4635 | D:5      | Noticed Dowan
  4948 | D:4      | Killed Duvessa
  4955 | D:4      | Killed Dowan
  5295 | D:5      | Found a staircase to the Ecumenical Temple.
  5316 | Temple   | Entered the Ecumenical Temple
  5523 | Temple   | Became a worshipper of the Shining One
  5579 | D:5      | Reached skill level 6 in Dodging
  5668 | D:5      | Noticed a two-headed ogre
  5707 | D:5      | Killed a two-headed ogre
  6210 | D:5      | Reached skill level 5 in Maces & Flails
  6435 | D:5      | Noticed Blork the orc
  6439 | D:5      | Killed Blork the orc
  6871 | D:6      | Reached XP level 9. HP: 75/89 MP: 9/9
  7280 | D:6      | Reached skill level 7 in Dodging
  7378 | D:7      | Reached * piety under the Shining One
  7452 | D:7      | Found a bloodstained altar of Trog.
  7555 | D:7      | Noticed Joseph
  7570 | D:7      | Slain by Joseph

Vault maps used:
D:1:      minmay_arrival_four_circles
D:2:      first_bread, st_stairs_6, kennysheep_decorative_pillar
D:4:      corexii_shack_village, grunt_temple_overflow_open,
          minmay_misc_feat_square, minmay_misc_feat_enclosed, st_stairs_10,
          hangedman_decor_push, uniq_eustachio
D:5:      uniq_duvessa, uniq_blork_the_orc
D:7:      basic_altar, the_bakery, uniq_joseph
Temple:   regret_index_temple_generic_petals

Skill      XL: |  1  2  3  4  5  6  7  8  9 |
---------------+----------------------------+-----
Fighting       | 3 4 5 6 |  6.8
Throwing       | 5 6 |  6.9
Dodging        | 2 3 4 5 6 7 |  7.2
Stealth        | 1 2 |  2.3
Maces & Flails | 1 2 3 5 6 |  6.2

Action                   |  1- 3 |  4- 6 |  7- 9 || total
-------------------------+-------+-------+-------++-------
Melee: Club              |    97 |    76 |       ||   173
       Giant spiked club |       |    14 |   102 ||   116
       Mace              |       |       |   150 ||   150
Throw: Large rock        |    33 |    30 |    13 ||    76
       Tomahawk          |       |    26 |    23 ||    49
       Javelin           |       |    16 |     8 ||    24
       Throwing net      |       |     2 |       ||     2
  Use: Potion            |       |     3 |     5 ||     8
       Scroll            |       |       |     4 ||     4
 Stab: Sleeping          |     1 |       |     1 ||     2
  Eat: Chunk             |     2 |     3 |    12 ||    17
       Meat ration       |       |       |     1 ||     1
Armor: Robe              |    53 |    57 |    61 ||   171
Dodge: Dodged            |    96 |   122 |   183 ||   401
